 Dungeon Crawl Stone Soup version 0.20.1-1-g8b1a95d (webtiles) character file.

1558 Irenicus the Cleaver (level 8, -2/64 HPs)
             Began as a Deep Dwarf Necromancer on Nov 4, 2017.
             Was a Follower of Makhleb.
             Slain by a wight
             ... wielding a cursed +0 flail
              (4 damage)
             ... on level 6 of the Dungeon.
             The game lasted 00:28:59 (4881 turns).

Irenicus the Cleaver (Deep Dwarf Necromancer)       Turns: 4881, Time: 00:29:00

Health: -2/64      AC:  4    Str: 10 (13) XL:     8   Next: 58%
Magic:  1/9        EV: 10    Int: 14 (15) God:    Makhleb [*.....]
Gold:   533        SH:  2    Dex: 12 (15) Spells: 2/11 levels left

rFire    . . .     SeeInvis .   f - +0 hand axe (drain)
rCold    . . .     Gourm    .   (no shield)
rNeg     . . .     Faith    .   n - +0 leather armour
rPois    .         Spirit   .   (no helmet)
rElec    .         Reflect  +   (no cloak)
rCorr    .         Harm     .   (no gloves)
MR       +....                  s - +0 pair of boots
Stlth    +.........             r - +2 amulet of reflection
Regen    0.0/turn               (no ring)
MPRegen  0.2/turn               (no ring)

@: very slightly contaminated, non-regenerating, very heavily drained
A: damage resistance, heal wounds, sense surroundings 1, no regeneration
a: Heal Wounds, Renounce Religion


You were on level 6 of the Dungeon.
You worshipped Makhleb.
Makhleb was aware of your devotion.
You were not hungry.

You visited 1 branch of the dungeon, and saw 6 of its levels.
You also visited: Ossuary.

You collected 533 gold pieces.

Inventory:

Hand Weapons
 f - a +0 hand axe of draining (weapon)
 g - a +1 dagger of venom (quivered)
Armour
 n - a +0 leather armour (worn)
 s - a +0 pair of boots (worn)
Jewellery
 r - a +2 amulet of reflection (around neck)
Wands
 q - a wand of confusion (0/48)
 t - a wand of flame (0/48)
Scrolls
 k - 2 scrolls of fear
 u - 2 scrolls of teleportation
 v - 2 scrolls of enchant weapon
 w - a scroll of magic mapping
 y - a scroll of remove curse
 D - a scroll of identify
Potions
 l - 3 potions of cancellation
 m - 3 potions of mutation
 p - a potion of might
 x - a potion of magic {unknown}
 z - 2 potions of invisibility
 B - 2 potions of resistance
 C - a potion of flight
 E - a potion of haste
Books
 b - a book of Necromancy

   Spells                             Type                      Level
   a - Pain                           Necromancy                   1
   b - Animate Skeleton               Necromancy                   1
   c - Vampiric Draining              Necromancy                   3
   d - Regeneration                   Charms/Necromancy            3
   e - Animate Dead                   Necromancy                   4
   f - Control Undead                 Necromancy                   4
Comestibles
 a - a royal jelly
 c - 6 bread rations
 d - a chunk of flesh
 j - 3 meat rations


   Skills:
 - Level 1.3(0.0) Fighting
 - Level 10.6(7.0) Axes
 - Level 2.1(0.0) Dodging
 - Level 2.4(0.0) Stealth
 - Level 2.0(0.0) Spellcasting
 + Level 5.9(2.7) Necromancy
 - Level 1.1(0.0) Evocations


You had 2 spell levels left.
You knew the following spells:

 Your Spells              Type           Power        Failure   Level  Hunger
a - Pain                  Necr           #...         13%         1    ##.....
b - Animate Skeleton      Necr           N/A          13%         1    ##.....
c - Control Undead        Necr           #.........   77%         4    #####..
e - Vampiric Draining     Necr           #.........   36%         3    ####...


Dungeon Overview and Level Annotations

Branches:
Dungeon (6/15)             Temple (0/1) D:6

Altars:
Makhleb
Ru
Uskayaw

Annotations:
D:2 Sigmund


Innate Abilities, Weirdness & Mutations

You are resistant to damage.
You can heal yourself by infusing magical energy.
You passively map a small area around you.
You do not regenerate.


Message History

You feel drained.
You hit the wight.
The wight is moderately damaged.
The wight closely misses you.
You hit the wight.
The wight is heavily damaged.
Your iguana skeleton bites the wight.
The wight barely misses you.
You hit the wight but do no damage.
The wight is heavily damaged.
Your iguana skeleton bites the wight.
You closely miss the wight.
The wight is almost destroyed.
The wight hits you with a flail.
* * * LOW HITPOINT WARNING * * *
You feel drained.
You hit the wight but do no damage.
The wight is almost destroyed.
Your iguana skeleton barely misses the wight.
The wight hits you with a flail!
You die...

#....#..#..#
##.#.#...#.#
##.#.......#
.....#...#.#*
.......(##..#
............#######
....######..[.z...#
....######.######z##
..##............@Z.####
..##..................#
...+..#.#.#.#.#)#.#.#.#
...#.....#.....#......#
...#..#.#.#...#.#.#.###
#.#....#............#
####..#.#.....#)#.#.#
#................#
#..#.......#.#..##


You could see a wight and a friendly iguana skeleton.

Vanquished Creatures
  Pikel (D:5)
  Eustachio (D:4)
  3 slaves (D:4)
  A bullfrog (D:6)
  3 wights (D:6)
  A crimson imp (D:5)
  A centaur zombie (D:5)
  3 orc wizards
  2 orc priests
  Ijyb (D:3)
  2 iguanas
  4 worker ants
  A killer bee zombie (D:5)
  A hound skeleton (D:4)
  7 mummies (Ossuary)
  2 worker ant zombies (D:5)
  3 gnolls (D:3)
  5 adders
  3 adder skeletons
  5 worms
  3 dart slugs
  2 leopard geckos
  11 orcs
  3 ball pythons
  4 giant cockroaches
  4 goblins
  8 hobgoblins
  11 jackals
  5 quokkas
  5 bats
  3 frilled lizards
  A gnoll zombie (Ossuary)
  3 hobgoblin zombies (Ossuary)
  6 kobolds
  2 kobold zombies (Ossuary)
  2 leopard gecko skeletons (D:5)
  2 orc zombies (Ossuary)
  10 rats
135 creatures vanquished.

Vanquished Creatures (collateral kills)
  A worker ant (D:4)
  A mummy (Ossuary)
  A worm (D:4)
  An orc (D:6)
  A giant cockroach (D:4)
5 creatures vanquished.

Grand Total: 140 creatures vanquished

Notes
Turn   | Place    | Note
-------+----------+-------------------------------------------
     0 | D:1      | Irenicus the Deep Dwarf Necromancer began the quest for the Orb.
     0 | D:1      | Reached XP level 1. HP: 15/15 MP: 3/3
   246 | D:1      | Reached XP level 2. HP: 22/22 MP: 1/4
   308 | D:1      | Reached skill level 5 in Necromancy
   318 | D:1      | Learned a level 1 spell: Animate Skeleton
   546 | D:2      | Reached skill level 1 in Axes
   572 | D:2      | Reached XP level 3. HP: 22/28 MP: 1/6
   610 | D:2      | Learned a level 3 spell: Vampiric Draining
   808 | D:2      | Reached skill level 2 in Axes
   810 | D:2      | Noticed Sigmund
  1114 | D:2      | Reached skill level 3 in Axes
  1114 | D:2      | Reached XP level 4. HP: 15/36 MP: 0/7
  1640 | D:3      | Noticed Ijyb
  1660 | D:3      | Killed Ijyb
  1660 | D:3      | Reached skill level 4 in Axes
  1820 | D:3      | Reached XP level 5. HP: 31/42 MP: 0/8
  2072 | D:3      | Reached skill level 5 in Axes
  2236 | D:4      | Noticed Eustachio
  2791 | D:4      | Reached XP level 6. HP: 21/49 MP: 2/9
  2818 | D:4      | Reached skill level 6 in Axes
  2984 | D:4      | Killed Eustachio
  2984 | D:4      | Reached skill level 7 in Axes
  3173 | D:4      | Reached XP level 7. HP: 17/55 MP: 3/10
  3187 | D:5      | Entered Level 5 of the Dungeon
  3191 | D:5      | Noticed Pikel
  3727 | D:5      | Found a burning altar of Makhleb.
  3730 | D:5      | Became a worshipper of Makhleb the Destroyer
  3795 | D:5      | Reached skill level 8 in Axes
  3952 | D:5      | Killed Pikel
  3952 | D:5      | Reached skill level 10 in Axes
  3952 | D:5      | Reached XP level 8. HP: 49/62 MP: 0/11
  4064 | D:5      | Found a hide-covered altar of Uskayaw.
  4065 | D:5      | Found a sacrificial altar of Ru.
  4260 | D:6      | Found a staircase to the Ecumenical Temple.
  4273 | D:6      | Found a sand-covered staircase.
  4287 | Ossuary  | Entered an ossuary
  4294 | Ossuary  | Learned a level 4 spell: Control Undead
  4383 | Ossuary  | Reached * piety under Makhleb
  4383 | Ossuary  | Reached skill level 1 in Evocations
  4444 | Ossuary  | Reached skill level 1 in Fighting
  4876 | D:6      | HP: 3/64 [wight/flail (7)]
  4881 | D:6      | Slain by a wight

Skill      XL: |  1  2  3  4  5  6  7  8 |
---------------+-------------------------+-----
Necromancy     | 5 |  5.9
Spellcasting   | 2 |  2.0
Axes           | 1 3 4 5 7 10 | 10.6
Evocations     | 1 |  1.1
Fighting       | 1 |  1.3
Dodging        | |  2.1
Stealth        | |  2.4

Action                   |  1- 3 |  4- 6 |  7- 9 || total
-------------------------+-------+-------+-------++-------
Melee: Dagger            |    50 |    35 |       ||    85
       Hand axe          |       |    99 |   255 ||   354
 Cast: Pain              |    35 |    10 |     3 ||    48
       Vampiric Draining |     7 |    36 |    29 ||    72
       Animate Skeleton  |     1 |     6 |     5 ||    12
       Control Undead    |       |       |     4 ||     4
 Abil: Heal Wounds       |       |       |     3 ||     3
Evoke: Wand              |       |     7 |    22 ||    29
  Use: Scroll            |       |     5 |    16 ||    21
       Potion            |       |     1 |     7 ||     8
 Stab: Sleeping          |     5 |     6 |     1 ||    12
       Confused          |       |     1 |     5 ||     6
  Eat: Chunk             |     2 |    12 |     9 ||    23
       Fruit             |       |       |     4 ||     4
Armor: Robe              |     4 |       |       ||     4
       Leather armour    |     4 |    38 |    29 ||    71
       Skin              |       |       |    23 ||    23
Dodge: Dodged            |    29 |   100 |   117 ||   246
Block: Other             |       |     7 |    14 ||    21
